 Dungeon Crawl Stone Soup version 0.30.1-4-g462c640d31 (webtiles) character file.

Game seed: 9051992394037733271

2144 monsoonserge the Basher (level 9, -2/117 HPs)
             Began as a Minotaur Berserker on Aug 12, 2023.
             Was an Elder of Trog.
             Slain by a boulder beetle (21 damage)
             ... on level 6 of the Dungeon.
             The game lasted 00:16:03 (6344 turns).

monsoonserge the Basher (Minotaur Berserker)        Turns: 6344, Time: 00:16:04

Health: -2/117     AC: 12    Str: 27    XL:     9   Next: 9%
Magic:  8/8        EV: 11    Int:  4    God:    Trog [****..]
Gold:   427        SH:  9    Dex:  9    Spells: 8/8 levels left

rFire   + . .        e - +2 flail (heavy)
rCold   . . .        s - +0 buckler
rNeg    . . .        q - +1 ring mail {rF+}
rPois   +            (helmet restricted)
rElec   .            d - +0 cloak
rCorr   .            C - +1 pair of gloves
SInv    .            D - +0 pair of boots
Will    .....        l - amulet of reflection Stlth
                     z - +4 ring of slaying
HPRegen 0.39/turn    I - ring of poison resistance
MPRegen 0.11/turn

%: reflection
@: berserking, very quick
A: horns 2, retaliatory headbutt
a: Renounce Religion, Berserk, Trog's Hand, Brothers in Arms


You were on level 6 of the Dungeon.
You worshipped Trog.
Trog was greatly pleased with you.
You visited 1 branch of the dungeon, and saw 6 of its levels.
You also visited: Sewer.

You collected 427 gold pieces.

Inventory:

Hand Weapons
 e - a +2 heavy flail (weapon)
Missiles
 i - 4 javelins (quivered)
 k - 3 boomerangs
 H - 3 poisoned darts
Armour
 d - a +0 cloak (worn)
 q - a +1 ring mail of fire resistance (worn)
 s - a +0 buckler (worn)
 y - a +0 chain mail
 C - a +1 pair of gloves (worn)
 D - a +0 pair of boots (worn)
Jewellery
 l - an amulet of reflection (around neck)
 z - a +4 ring of slaying (left hand)
 I - a ring of poison resistance (right hand)
Wands
 E - a wand of flame (15)
Scrolls
 c - 2 scrolls of enchant armour {unknown}
 f - a scroll of summoning {unknown}
 j - a scroll of blinking {unknown}
 m - 3 scrolls of brand weapon {unknown}
 n - 5 scrolls of identify {unknown}
 o - a scroll of enchant weapon {unknown}
 p - 5 scrolls of teleportation {unknown}
 t - a scroll of vulnerability {unknown}
 u - 2 scrolls of fog {unknown}
 v - a scroll of fear {unknown}
 x - 3 scrolls of magic mapping {unknown}
 B - 2 scrolls of poison {unknown}
 F - a scroll of immolation {unknown}
 G - 2 scrolls of acquirement {unknown}
Potions
 a - 3 potions of brilliance {unknown}
 b - 2 potions of heal wounds {unknown}
 g - 4 potions of haste
 h - 3 potions of lignification {unknown}
 r - 3 potions of curing {unknown}
 w - 4 potions of flight
 A - 2 potions of attraction {unknown}


   Skills:
 + Level 6.5 Fighting
 - Level 3.7(7.6) Axes
 * Level 10.4(10.7) Maces & Flails
 + Level 6.4 Armour
 - Level 3.0 Dodging
 + Level 4.6 Shields


You had 8 spell levels left.
You didn't know any spells.
Your spell library contained the following spells:

 Spells                   Type           Power      Damage    Failure   Level
 Magic Dart               Conj           0%         1d3       67%         1
 Summon Small Mammal      Summ           0%         N/A       67%         1
 Blink                    Tloc           0%         N/A       82%         2
 Lesser Beckoning         Tloc           0%         N/A       82%         2
 Momentum Strike          Conj/Tloc      0%         3d8       82%         2
 Searing Ray              Conj           0%         2d4       82%         2
 Call Canine Familiar     Summ           0%         N/A       96%         3
 Summon Guardian Golem    Hex/Summ       0%         N/A       96%         3
 Fulminant Prism          Conj/Hex       0%         3d5       100%        4


Dungeon Overview and Level Annotations

Branches:
Dungeon (6/15)              Sewer (visited)
 Temple: D:4-7

Altars:
Ashenzari
Hepliaklqana
Qazlal
Trog
The Shining One

Shops:
D:1 (   D:5 [


Innate Abilities, Weirdness & Mutations

You have a pair of horns on your head.
You reflexively headbutt those who attack you in melee.


Message History

Something hits you but does no damage. Something bites you.
Something draws strength from your injuries!
The boulder beetle bites you but does no damage.
Something hits you but does no damage. Something bites you.
Something draws strength from your injuries!
The boulder beetle bites you!
A red film seems to cover your vision as you go berserk!
You feel yourself moving faster!
You feel mighty! Something hits you. Something bites you.
Something draws strength from your injuries!
The boulder beetle bites you!
* * * LOW HITPOINT WARNING * * *
You barely miss something. You headbutt something!
You block something's attack. Something bites you.
* * * LOW HITPOINT WARNING * * *
Something draws strength from your injuries!
The boulder beetle bites you!
* * * LOW HITPOINT WARNING * * *
You barely miss something. Something hits you.
* * * LOW HITPOINT WARNING * * *
You block something's attack. You block the boulder beetle's attack.
You sock something! You bludgeon something!!
You feel the power of Trog in you as your rage grows.
Trog accepts your kill.
Trog appreciates your killing of a magic user.
Reactivating autopickup.
You feel a bit more experienced. The boulder beetle barely misses you.
You furiously retaliate!
You headbutt the boulder beetle!! You sock the boulder beetle!
You headbutt the boulder beetle!
The boulder beetle is heavily wounded.
The boulder beetle completely misses you.
You bludgeon the boulder beetle!!
The boulder beetle is almost dead.
You block the boulder beetle's attack.
You hit the boulder beetle but do no damage.
You headbutt the boulder beetle, but do no damage.
The boulder beetle is almost dead.
The boulder beetle bites you!!
You die...

##### ########## .
##...###........# >#
##.....##.B.#......# .#
#).....)#..@##.....# .#
#.......)†..# ...... .#
#.......#...# #.... .#
##.....##...# ###### .####
##...###...###..=##
....######## #...##..).)##
.##.......####...#.......#
.#####......##...')......#
.# ##.....##...#.......#


You could see a boulder beetle.

Vanquished Creatures
  An unseen horror (D:6)
  A vampire (D:6)
  Edmund (D:6)
  3 water moccasins
  Duvessa (D:6)
  A black bear (D:4)
  2 ogres
  2 phantoms
  2 scorpions
  A wight (D:4)
  Dowan (D:6)
  2 jellies (D:4)
  A hound (D:4)
  A gnoll bouda (D:4)
  3 iguanas
  4 gnolls
  7 river rats
  10 adders
  2 shadow imps
  2 white imps
  An ufetubus (D:5)
  4 worms
  A dart slug (D:3)
  7 orcs
  11 ball pythons
  8 endoplasms
  6 giant cockroaches
  9 goblins
  12 hobgoblins
  9 jackals
  10 kobolds
  11 quokkas
  10 bats
  5 frilled lizards
  5 rats
157 creatures vanquished.

Notes
Turn   | Place    | Note
-------+----------+-------------------------------------------
     0 | D:1      | monsoonserge the Minotaur Berserker began the quest for the
                  | Orb.
     0 | D:1      | Reached XP level 1. HP: 19/19 MP: 0/0
    14 | D:1      | Found Qinkonann's Weapon Emporium.
   373 | D:1      | Reached XP level 2. HP: 27/27 MP: 1/1
   469 | D:1      | Reached skill level 1 in Maces & Flails
   647 | D:1      | Reached ** piety under Trog
   911 | D:2      | Found a hazy altar of Hepliaklqana.
   935 | D:2      | Reached XP level 3. HP: 34/34 MP: 2/2
  1727 | D:3      | Reached skill level 2 in Maces & Flails
  1727 | D:3      | Reached XP level 4. HP: 40/41 MP: 3/3
  1735 | D:3      | Found a glowing drain.
  1787 | Sewer    | Entered a sewer
  1899 | Sewer    | Reached *** piety under Trog
  1994 | Sewer    | Reached skill level 1 in Shields
  2044 | Sewer    | Reached skill level 3 in Maces & Flails
  2044 | Sewer    | Reached XP level 5. HP: 47/47 MP: 4/4
  2739 | D:3      | Found a broken altar of Ashenzari.
  2739 | D:3      | Found a glowing golden altar of the Shining One.
  2744 | D:3      | Found a hazy altar of Hepliaklqana.
  3234 | D:3      | Found a stormy altar of Qazlal.
  3388 | D:4      | Reached skill level 5 in Fighting
  3388 | D:4      | Reached skill level 4 in Maces & Flails
  3388 | D:4      | Reached XP level 6. HP: 33/56 MP: 5/5
  3626 | D:4      | Reached skill level 5 in Maces & Flails
  3777 | D:4      | Reached **** piety under Trog
  3778 | D:4      | Reached XP level 7. HP: 59/61 MP: 6/6
  3909 | D:4      | Identified the +0 robe of Morality {Int+2}
  3936 | D:4      | Reached skill level 6 in Maces & Flails
  4050 | D:4      | Found a bloodstained altar of Trog.
  4551 | D:5      | Entered Level 5 of the Dungeon
  4683 | D:5      | Found Kosa's Armour Boutique.
  4788 | D:5      | Reached skill level 7 in Maces & Flails
  5039 | D:5      | Reached skill level 5 in Armour
  5039 | D:5      | Reached XP level 8. HP: 63/69 MP: 7/7
  5395 | D:5      | Reached skill level 8 in Maces & Flails
  5551 | D:6      | Noticed Duvessa
  5552 | D:6      | Noticed Dowan
  5559 | D:6      | Killed Duvessa
  5563 | D:6      | Killed Dowan
  6048 | D:6      | Reached skill level 9 in Maces & Flails
  6079 | D:6      | Killed an unseen horror
  6197 | D:6      | Noticed Edmund
  6201 | D:6      | Killed Edmund
  6248 | D:6      | Reached skill level 10 in Maces & Flails
  6265 | D:6      | Reached XP level 9. HP: 62/77 MP: 8/8
  6323 | D:6      | Noticed a boulder beetle
  6344 | D:6      | Slain by a boulder beetle

Illustrated notes

Levels and vault maps discovered:
D:1:      dpeg_arrival_fog, layout_loops_corners, serial_shops,
          nicolae_shop_tiny_waterfront, chequers_mini_garden
D:2:      layout_basic, basic_altar, minivault_26, minmay_worlds_worst_comb
D:3:      layout_basic, minitemple, mainiacjoe_overflow_alcove_4,
          cheibrodos_sewer_entry_sluice, minmay_box_of_dots
D:4:      minmay_razor_zed, layout_loops_ring, trog_three_pillars_becter,
          serial_rivers, chequers_serial_rivers_room_a,
          chequers_serial_rivers_micro_d, chequers_serial_rivers_micro_d,
          chequers_serial_rivers_micro_b, chequers_serial_rivers_micro_a,
          nicolae_underground_beach
D:5:      layout_basic, serial_shops, shop
D:6:      minmay_opposing_rooms, layout_basic, st_stairs_2, uniq_duvessa,
          uniq_edmund, uniq_sigmund

Skill      XL: |  1  2  3  4  5  6  7  8 |
---------------+-------------------------+-----
Fighting       | 4 5 6 |  6.5
Maces & Flails | 1 2 3 4 5 7 10 | 10.4
Armour         | 3 4 5 6 |  6.4
Shields        | 1 2 3 4 |  4.6
Dodging        | 3 |  3.0
Axes           | |  3.7

Action                     |  1- 3 |  4- 6 |  7- 9 || total
---------------------------+-------+-------+-------++-------
  Melee: Whip              |   115 |   221 |    32 ||   368
         Hand axe          |     5 |       |       ||     5
         Headbutt          |    13 |    42 |    16 ||    71
         Punch             |     1 |       |       ||     1
         Flail             |       |       |    90 ||    90
 Invoke: Berserk           |       |       |     1 ||     1
    Use: Scroll            |       |       |     1 ||     1
         Potion            |       |       |     1 ||     1
 Armour: Leather armour    |    15 |       |       ||    15
         Ring mail         |    10 |    58 |    56 ||   124
  Dodge: Dodged            |    64 |    87 |    53 ||   204
  Block: Other             |    22 |       |       ||    22
         Reflection        |     1 |       |     1 ||     2
         Buckler           |       |   102 |    66 ||   168
